[Event "44th Chess Olympiad Open 2022"]
[Site "Chennai"]
[Date "2022.08.08"]
[Round "10.9"]
[White "Jones, Gawain C B"]
[Black "Sonis, Francesco"]
[Result "1-0"]
[ECO "A07"]
[WhiteElo "2652"]
[BlackElo "2543"]
[Annotator "TA"]
[PlyCount "99"]
[EventDate "2022.07.29"]
[EventType "team-tourn"]
[EventCountry "IND"]
[SourceTitle "playchess.com"]
[Source "ChessBase"]
[SourceQuality "1"]
[WhiteTeam "England"]
[BlackTeam "Italy"]
[WhiteTeamCountry "ENG"]
[BlackTeamCountry "ITA"]
[TimeControl "40/5400+30:1800+30"]

1. Nf3 d5 2. g3 Nd7 3. Bg2 e5 4. d3 Ngf6 5. O-O Bc5 6. Nxe5 {[%emt 0:03:32] A07: Réti Opening: New York and Capablanca Systems.} Nxe5 7. d4 Bd6 $1 8. dxe5 {[%emt 0:00:08] The position is equal.} Bxe5 9. c4 dxc4 10. Qc2 O-O 11. Na3 c6 12. Nxc4 Bc7 13. b3 Be6 {[%emt 0:01:40] [#]} 14. Rd1 $5 $146 {[%emt 0:10:54][%mdl 8] New and interesting.} ({Predecessor:} 14. Bb2 Nd5 15. Rad1 Qc8 16. e4 Ne7 17. Ba3 Re8 18. Rfe1 Ng6 19. f4 Bg4 20. Rd2 {0-1 (48) Ruotanen,H (2025)-Jaderholm,B (1908) Finland 2009}) 14... Bd5 {[%emt 0:05:42] Black is on the road to losing.} (14... Qb8 $14 {feels stronger.}) 15. Bb2 $16 {[%emt 0:16:01] [#] And now e4 would win. White is more active.} Re8 {[%emt 0:05:22] Inhibits e4.} 16. Rac1 $36 {[%emt 0:02:09][%mdl 2048] Black is under strong pressure.} b5 17. Ne3 Bb6 18. Nxd5 cxd5 19. e3 Qd6 (19... Rc8 $16 20. Qxc8 Qxc8 21. Rxc8 Rxc8) 20. Bxf6 $18 Qxf6 21. Rxd5 {[%emt 0:00:42] [#] Strongly threatening Rf5.} g6 {[%emt 0:02:28] Against Rf5} 22. Rxb5 Rad8 23. Rd5 Kg7 24. b4 h5 25. a4 Rxd5 26. Bxd5 Re5 27. Rd1 {[%emt 0:03:35] a5 is the strong threat.} a5 28. b5 Rf5 29. Be4 Rc5 30. Qd3 Re5 (30... h4 {is a better defense.} 31. Bg2 Qe5) 31. Bg2 h4 32. Qd6 Re6 33. Qf4 hxg3 34. Qxf6+ ({Don't do} 34. Qxg3 Qc3 35. Qg4 Rf6) 34... Kxf6 35. hxg3 {[%emt 0:00:05][%mdl 4096] Endgame Threatens to win with Bh3. KRB-KRB} Ke7 36. Bd5 Rd6 37. Kf1 g5 38. g4 f6 39. Ke2 Rd8 40. Kf3 Kd6 41. Be4+ Ke5 42. Rc1 Rd7 43. Rc6 Rd6 44. Rc4 Ke6 45. Bb7 Ke7 46. Bc8 Rd5 (46... Bd8 {was necessary.} 47. Ke2 Bb6 48. Re4+ Kf8) 47. Rc6 Rd6 48. Ke4 Rxc6 $2 (48... Bd8 49. Rc2 Rd1) 49. bxc6 Bc7 50. Kf5 {[%emt 0:00:00] Weighted Error Value: White=0.05 (flawless) /Black=0.22 (precise)} 1-0

[Event "44th Chess Olympiad Open 2022"]
[Site "Chennai"]
[Date "2022.08.08"]
[Round "10.9"]
[White "Moroni, Luca Jr"]
[Black "McShane, Luke J"]
[Result "0-1"]
[ECO "E46"]
[WhiteElo "2584"]
[BlackElo "2649"]
[Annotator "TA"]
[PlyCount "98"]
[EventDate "2022.07.29"]
[EventType "team-tourn"]
[EventCountry "IND"]
[SourceTitle "playchess.com"]
[Source "ChessBase"]
[SourceQuality "1"]
[WhiteTeam "Italy"]
[BlackTeam "England"]
[WhiteTeamCountry "ITA"]
[BlackTeamCountry "ENG"]
[TimeControl "40/5400+30:1800+30"]

1. d4 Nf6 2. c4 e6 3. Nc3 Bb4 4. e3 O-O 5. Bd2 d6 6. Bd3 {[%emt 0:01:53] E46: Nimzo-Indian: Rubinstein: 4 e3 0-0 5 Ne2 without early Bd3.} e5 7. Nge2 Re8 8. O-O {[%emt 0:02:29] White is slightly better.} c6 9. Qc2 Nbd7 10. a3 Ba5 11. b4 Bc7 12. d5 Nf8 13. Ng3 Bd7 {[%emt 0:00:42] [#]} 14. Rac1 $146 ({Predecessor:} 14. Qb3 Rc8 15. a4 Ng6 16. a5 Rb8 17. h3 Nh4 18. f3 h6 19. Kh2 cxd5 20. cxd5 {1-0 (37) Reuss,A (2339)-Nippgen,G (2258) Germany 2005}) 14... h5 15. Nge4 N8h7 16. Nxf6+ Nxf6 17. Ne4 (17. a4 $14 {should be considered.}) 17... cxd5 $11 18. Nxf6+ Qxf6 19. cxd5 Bb6 20. a4 e4 21. Bxe4 {[%emt 0:08:08] next Bh7+ is good for White.} Bxa4 22. Bh7+ Kh8 23. Qxa4 Kxh7 24. Bc3 Qf5 25. Qb5 Re7 26. Bb2 Rae8 27. Rfd1 Re4 28. h3 g5 29. Bd4 Bxd4 30. Rxd4 Rxd4 31. exd4 {[%emt 0:00:24][%mdl 4096] Endgame KQR-KQR} (31. Qxe8 $11 {was the only way to keep the balance.} Rd2 32. f3 Qxd5 33. Rc7 (33. Rc8 Rd1+ 34. Kh2 Qe5+ 35. Qxe5 dxe5 $11)) 31... Re7 $1 $17 32. Qc4 a6 {[%emt 0:01:37] Black is more active.} 33. b5 axb5 34. Qxb5 Kg7 35. Qc4 h4 36. Ra1 Re4 37. f3 {[%emt 0:03:11] Prevents g4.} Re3 38. Kh1 Qf4 39. Rb1 (39. Rg1 $17 {was called for.}) 39... g4 $1 $19 40. hxg4 h3 $1 41. Qf1 (41. Rf1) 41... Qg3 {[%emt 0:06:55][%cal Ob7b5] And now ...b5! would win.} 42. g5 b5 {[%emt 0:08:43][%cal Bb7b5,Bb5b4][%mdl 32] ( -> ...b4)} 43. g6 {[%emt 0:08:35] [#]} fxg6 (43... Re1 $142 $3 44. Rxe1 hxg2+ 45. Qxg2 Qxe1+ 46. Kh2 Qh4+ 47. Kg1 Qxd4+ 48. Kh1 Qa1+ 49. Kh2 Qe5+ 50. Qg3 Qxg3+ 51. Kxg3 Kxg6 52. Kf4 Kf6 53. Ke4 Kg5 54. Ke3 f5 55. Ke2 Kf4 56. Kf2 b4 57. Ke2 b3 58. Kd3 Kxf3 59. Kc3 f4 60. Kxb3 Ke3 61. Kc3 f3 62. Kb4 Kd4 63. Ka4 f2 64. Kb5 Kxd5 65. Kb4 f1=Q 66. Kb3 Qc4+ 67. Ka3 Qc2 68. Kb4 Qb2+ 69. Ka5 Kc5 70. Ka6 Qb6#) 44. Ra1 b4 45. gxh3 Rxf3 {[%emt 0:06:55] Black is clearly winning.} 46. Qg2 Qxh3+ 47. Qxh3 Rxh3+ 48. Kg2 {[%emt 0:00:07] [#]} Ra3 $1 49. Rc1 Ra7 {[%emt 0:00:58] Weighted Error Value: White=0.58/Black=0.32} 0-1

[Event "44th Chess Olympiad Open 2022"]
[Site "Chennai"]
[Date "2022.08.08"]
[Round "10.9"]
[White "Brunello, Sabino"]
[Black "Haria, Ravi"]
[Result "1/2-1/2"]
[ECO "D38"]
[WhiteElo "2520"]
[BlackElo "2505"]
[Annotator "TA"]
[PlyCount "70"]
[EventDate "2022.07.29"]
[EventType "team-tourn"]
[EventCountry "IND"]
[SourceTitle "playchess.com"]
[Source "ChessBase"]
[SourceQuality "1"]
[WhiteTeam "Italy"]
[BlackTeam "England"]
[WhiteTeamCountry "ITA"]
[BlackTeamCountry "ENG"]
[TimeControl "40/5400+30:1800+30"]

1. d4 d5 2. c4 e6 3. Nf3 Nf6 4. Nc3 Bb4 5. Qa4+ Nc6 6. e3 O-O 7. Bd2 Re8 {[%emt 0:01:24] D38: Queen's Gambit Declined: Ragozin Defence (4 Nf3 Bb4).} 8. a3 Bf8 $1 {[%emt 0:01:42] 8...Bf8 is better than 8...Bd6.} 9. Qc2 e5 10. dxe5 (10. Nxe5 {with more complications.} Nxe5 11. dxe5 Rxe5 12. cxd5 Bf5 13. Bd3) 10... Nxe5 11. cxd5 Nxd5 (11... Nxf3+ {looks sharper.} 12. gxf3 Nxd5 13. h4 Nxc3 14. Bxc3 Qd5) 12. Nxe5 Rxe5 13. e4 Nxc3 14. Bxc3 Re8 15. Bd3 {[%emt 0:07:09] [#]} Be6 $146 ({Predecessor:} 15... Bd6 16. O-O-O Qg5+ 17. Kb1 Be5 18. h4 Qf6 19. Bxe5 Qxe5 20. Qc1 Be6 21. f4 Qa5 {1-0 (48) Le,Q (2709)-Navara,D (2681) Prague 2022}) 16. O-O c6 17. f4 Bb3 18. Qe2 Qd7 19. Rf3 Rad8 20. Kh1 f6 (20... f5 $11 {might be stronger.}) 21. Raf1 ({Better is} 21. Qf2 $14) 21... Qf7 $11 22. Re1 Rd7 23. Rh3 Red8 24. g4 (24. Rg3 $11) 24... g6 (24... Bc5 $15) 25. e5 (25. f5 $11) 25... Bd5+ (25... Bc5 {feels hotter.} 26. Kg2 Bd5+ 27. Be4 fxe5 28. f5 gxf5 29. gxf5 Bd4) 26. Be4 fxe5 27. fxe5 (27. Bxe5 {is more complex.} Bc5 28. Bxd5 Qxd5+ 29. Qf3) 27... Bg7 (27... Bc4 $5 28. Qe3 Rd1 $15) 28. Bxd5 {[%emt 0:01:31] The position is equal.} Qxd5+ 29. Qe4 Qe6 30. Rf3 Rd1 31. Rxd1 Rxd1+ 32. Kg2 Rd5 33. h3 Rd8 34. Kg3 Re8 35. Re3 Rd8 {[%emt 0:01:06] Weighted Error Value: White=0.14 (very precise) /Black=0.08 (flawless)} 1/2-1/2

[Event "44th Chess Olympiad Open 2022"]
[Site "Chennai"]
[Date "2022.08.08"]
[Round "10.10"]
[White "Moussard, Jules"]
[Black "Stremavicius, Titas"]
[Result "1-0"]
[ECO "B67"]
[WhiteElo "2672"]
[BlackElo "2532"]
[Annotator "TA"]
[PlyCount "77"]
[EventDate "2022.07.29"]
[EventType "team-tourn"]
[EventCountry "IND"]
[SourceTitle "playchess.com"]
[Source "ChessBase"]
[SourceQuality "1"]
[WhiteTeam "France"]
[BlackTeam "Lithuania"]
[WhiteTeamCountry "FRA"]
[BlackTeamCountry "LTU"]
[TimeControl "40/5400+30:1800+30"]

1. e4 c5 2. Nf3 d6 3. d4 cxd4 4. Nxd4 Nf6 5. Nc3 Nc6 6. Bg5 e6 7. Qd2 a6 8. O-O-O Bd7 9. Kb1 Be7 {[%emt 0:07:54] B67: Sicilian: Richter-Rauzer: 7...a6 8 0-0-0 Bd7, lines without 9 f4 Be7.} 10. Nxc6 Bxc6 11. f3 Qc7 {[%emt 0:02:34] The position is equal.} 12. h4 h6 13. Be3 h5 14. Bg5 b5 15. Ne2 Bd7 {[%emt 0:00:57] [#]} 16. Nf4 $146 ({Predecessor:} 16. Nd4 Qb6 17. Qe1 b4 18. Bc4 O-O 19. f4 Qc5 20. Bb3 a5 21. e5 dxe5 22. fxe5 {1-0 (63) Stefansson,H (2523)-Low,Z (2437) Prague 2018}) 16... Rb8 17. Rc1 e5 (17... a5 $11 {remains equal.}) 18. Bxf6 $16 Bxf6 19. Nd5 Qd8 {[%emt 0:00:07] Black is now going downhill.} 20. g3 Be6 21. c4 O-O 22. cxb5 axb5 23. Rc6 {[%emt 0:04:15][%cal Oc6d6] Strongly threatening Rxd6!} Be7 24. Be2 {[%emt 0:02:33] 0x0.001b83d47996dp-1022s more active pieces.} ({Reject} 24. Nxe7+ $6 Qxe7 25. Rxd6 Ra8 $11) 24... f5 (24... Rb7 $16) 25. Rd1 f4 (25... fxe4 $16 {keeps fighting.} 26. fxe4 Rf2) 26. gxf4 $18 exf4 27. Nxe7+ ({But not} 27. Nxf4 $6 Bf7 28. Rg1 Qe8 $16) 27... Qxe7 28. Qxd6 Qxd6 29. Rdxd6 ({Don't do} 29. Rcxd6 $6 Bf7 30. Bf1 b4 $16) 29... Bf7 30. Rc7 Be8 31. Bd1 {[%emt 0:02:41] [#] Black must now prevent Bb3+.} Rf6 $2 (31... Bf7 {is a better defense.} 32. Be2 Be8) 32. Bb3+ Kf8 33. Rxf6+ gxf6 {[%emt 0:00:03][%mdl 4096] Endgame KRB-KRB} 34. a3 Rd8 35. Kc2 {[%emt 0:03:10] Inhibits Rd3.} Rd6 36. Kc3 Bd7 37. Rc5 Kg7 38. Rxh5 Rc6+ 39. Kd4 {[%emt 0:01:23] Weighted Error Value: White=0.08 (flawless) /Black=0.36} 1-0

[Event "44th Chess Olympiad Open 2022"]
[Site "Chennai"]
[Date "2022.08.08"]
[Round "10.10"]
[White "Lagarde, Maxime"]
[Black "Pultinevicius, Paulius"]
[Result "0-1"]
[ECO "B12"]
[WhiteElo "2631"]
[BlackElo "2539"]
[Annotator "TA"]
[PlyCount "92"]
[EventDate "2022.07.29"]
[EventType "team-tourn"]
[EventCountry "IND"]
[SourceTitle "playchess.com"]
[Source "ChessBase"]
[SourceQuality "1"]
[WhiteTeam "France"]
[BlackTeam "Lithuania"]
[WhiteTeamCountry "FRA"]
[BlackTeamCountry "LTU"]
[TimeControl "40/5400+30:1800+30"]

1. e4 c6 2. d4 d5 3. e5 Bf5 4. h4 h5 5. c4 e6 6. Nc3 Ne7 7. Bg5 Qb6 $1 {[%emt 0:04:21][%mdl 4] is recently more successful than 7...dxc4. B12: Caro-Kann: Advance Variation.} 8. Rc1 (8. Qd2 $11) 8... dxc4 ({Black should play} 8... Qxb2 $17 9. Nf3 Nd7) 9. Bxc4 $11 {[%emt 0:00:49] [#]} Qxb2 $146 {[%emt 0:01:19] The position is equal.} ({Predecessor:} 9... Nd7 10. Nge2 O-O-O 11. Qa4 Kb8 12. b4 f6 13. exf6 Nxf6 14. b5 Ned5 15. bxc6 Qxc6 16. Qxc6 bxc6 {1-0 (50) Kivisto,M (2307)-Kytoniemi,J (2280) Finland 2006}) 10. Nge2 Nd7 11. O-O Rd8 (11... Nb6 $11 12. Bd3 Qa3) 12. Ng3 ({Better is} 12. Bd3 $16) 12... Nxe5 $1 13. Bb3 Bg6 (13... Rd7 $5 ) 14. f4 Ng4 15. Qe1 (15. f5 $5 exf5 16. Bf4 $17) 15... Bf5 16. d5 f6 (16... Bd3 $11 {remains equal.} 17. Rf3 Ng6 $1) 17. Nxf5 $16 exf5 {[%emt 0:00:17] [#]} 18. Qe6 $1 Qd2 19. dxc6 (19. d6 $2 Qd4+ 20. Kh1 Rxd6 $19) 19... Qe3+ 20. Qxe3 Nxe3 21. cxb7 Nxf1 $11 {[%emt 0:00:56] Pair of Knights!} (21... fxg5 22. Rfe1 gxf4 23. Ne2 $18) 22. Nb5 Ng3 (22... fxg5 $2 23. Nd6+ Kd7 24. Nc8 Rxc8 25. Rxc8 Nxc8 26. Be6+ Kxe6 27. bxc8=Q+ Kd5 28. Qxf5+ Kd4 29. Kxf1 gxh4 30. Ke2 $18) 23. Be6 Rb8 {[%emt 0:00:04] aiming for ...Ne2+.} (23... Ne2+ $2 24. Kf2 Rb8 25. Kxe2 fxg5 26. Nd6+ Kd8 27. Nf7+ Ke8 28. Rc7 $18) 24. Nd6+ Kd8 25. Nf7+ Ke8 26. Nd6+ Kd8 27. Nf7+ Ke8 28. Rd1 $2 Nc6 29. Nxh8 $19 Rxb7 30. Kh2 {[%emt 0:00:24] [#]} Ne2 $36 {[%emt 0:00:35][%mdl 2048] Strongly threatening ...Ncd4. White is under strong pressure.} ({And not} 30... fxg5 31. Kxg3 gxf4+ 32. Kh3 $17) 31. Bxf5 fxg5 32. fxg5 Ne5 (32... Ncd4 $19 33. Bg6+ Kd7) 33. Ng6 $2 (33. Rd5 $17 Nd7 34. Rd2) 33... Ng4+ (33... Rf7 $142 34. Nxe5 Rxf5) 34. Bxg4 hxg4 35. Rd2 Nc3 {[%emt 0:00:12] White must now prevent ...Ne4.} 36. Rd4 {[%emt 0:01:17] Inhibits Ne4.} (36. Nxf8 {is more resistant.} Kxf8 37. Rc2) 36... Rb4 37. Rd3 (37. Rxb4 $142 Bxb4 38. Kg3) 37... Ne4 {[%emt 0:00:38] ...g3+ is the strong threat.} 38. a3 Ra4 39. Nxf8 {[%emt 0:00:36][%mdl 4096] Endgame KRN-KRN} g3+ 40. Kg1 Kxf8 {[%emt 0:00:04] KRN-KR} 41. Kf1 Kf7 42. h5 Nxg5 {[%emt 0:01:25] Threatens to win with ...Ne4.} 43. Rxg3 Kf6 44. Rd3 Ne4 {[%emt 0:00:28] Black is clearly winning.} 45. Ke2 Kg5 46. Rd5+ Kg4 {[%emt 0:01:39] Quite a comeback for Black.  Weighted Error Value: White=0.60/Black=0.50} 0-1

[Event "44th Chess Olympiad Open 2022"]
[Site "Chennai"]
[Date "2022.08.08"]
[Round "10.10"]
[White "Kazakouski, Valery"]
[Black "Maurizzi, Marc`Andria"]
[Result "1-0"]
[ECO "E90"]
[WhiteElo "2528"]
[BlackElo "2506"]
[Annotator "TA"]
[PlyCount "89"]
[EventDate "2022.07.29"]
[EventType "team-tourn"]
[EventCountry "IND"]
[SourceTitle "playchess.com"]
[Source "ChessBase"]
[SourceQuality "1"]
[WhiteTeam "Lithuania"]
[BlackTeam "France"]
[WhiteTeamCountry "LTU"]
[BlackTeamCountry "FRA"]
[TimeControl "40/5400+30:1800+30"]

1. d4 Nf6 2. c4 g6 3. Nc3 Bg7 4. e4 O-O 5. h3 d6 6. Be3 c5 7. d5 e6 8. Bd3 exd5 9. exd5 Re8 10. Nf3 Bh6 11. O-O Bxe3 12. fxe3 Nbd7 13. Qd2 Nh5 {[%emt 0:06:13] E90: King's Indian: Classical: Early deviations and 6 h3.} 14. g4 {[%emt 0:14:56] Against f5} Ng7 {[%emt 0:03:31] [#]} 15. e4 $5 $146 {[%emt 0:14:39][%mdl 8] New and interesting.} ({Predecessor:} 15. Ne4 Qe7 16. Qh2 f5 17. Nxd6 Qxe3+ 18. Kh1 Qxd3 19. Nxe8 Nxe8 20. g5 Qxc4 21. Rfe1 {½-½ (29) Kveinys,A (2491)-Ortiz Suarez,I (2577) Greensboro 2015}) 15... Ne5 {[%emt 0:05:34] [#] White is slightly better.} 16. Qh6 $1 {[%emt 0:08:20][%cal Of3g5] And now Ng5! would win.} f6 {[%emt 0:01:10] Against Ng5} 17. Nxe5 Rxe5 18. Rf2 $36 {[%emt 0:01:40][%mdl 2048] White is in control.} Qe7 19. Raf1 Ne8 20. Nb1 Qg7 21. Qf4 h5 {[%emt 0:02:24] [#]} (21... b6 $142) 22. Rg2 $1 $16 Bd7 {[%emt 0:06:57] [#]} 23. Nd2 $1 g5 24. Qf2 (24. Qe3 $18) 24... h4 (24... b6 $16) 25. Nf3 $18 Re7 26. e5 dxe5 {[%emt 0:01:21] ...e4 is the strong threat.} 27. Qxc5 b6 (27... e4 $2 28. Re1 Rc8 29. Qb4) 28. Qa3 (28. Qe3 e4 29. Re1 (29. Bxe4 $2 Nd6 $19) 29... exf3 $17) 28... e4 29. Re1 e3 30. Nd4 Rc8 31. Rge2 f5 $2 (31... Qf8 {is a better defense.} 32. b3 (32. Rxe3 Rxe3 33. Qxf8+ Kxf8 $18) 32... Ra8) 32. Nxf5 Bxf5 33. Bxf5 Rxc4 (33... Rd8 $142 34. Rxe3 Rxe3 35. Qxe3 Nd6 36. Qe6+ Kh8) 34. d6 Qe5 35. Rxe3 ({Stronger than} 35. dxe7 Qg3+ 36. Kh1 Qxh3+ 37. Kg1 Qg3+ 38. Kh1 Qh3+ 39. Kg1 Qg3+ 40. Kh1 Qh3+ $11) 35... Qg3+ 36. Rxg3 {[%emt 0:01:25] Active counter play!} Rxe1+ 37. Kf2 hxg3+ 38. Kxe1 {[%emt 0:00:17] White mates.} Rc1+ 39. Kd2 g2 40. Qe3 g1=Q 41. Qxe8+ Kg7 42. Qe7+ Kg8 43. Be6+ Kh8 44. Qf8+ Kh7 45. Bf5# {[%emt 0:00:39] Weighted Error Value: White=0.05 (flawless) /Black=0.48} 1-0

[Event "44th Chess Olympiad Open 2022"]
[Site "Chennai"]
[Date "2022.08.08"]
[Round "10.10"]
[White "Juksta, Karolis"]
[Black "Fressinet, Laurent"]
[Result "0-1"]
[ECO "E25"]
[WhiteElo "2412"]
[BlackElo "2631"]
[Annotator "TA"]
[PlyCount "86"]
[EventDate "2022.07.29"]
[EventType "team-tourn"]
[EventCountry "IND"]
[SourceTitle "playchess.com"]
[Source "ChessBase"]
[SourceQuality "1"]
[WhiteTeam "Lithuania"]
[BlackTeam "France"]
[WhiteTeamCountry "LTU"]
[BlackTeamCountry "FRA"]
[TimeControl "40/5400+30:1800+30"]

1. d4 Nf6 2. c4 e6 3. Nc3 Bb4 4. a3 Bxc3+ 5. bxc3 c5 6. f3 d5 7. cxd5 Nxd5 8. dxc5 Qa5 9. e4 Ne7 10. Be3 O-O 11. Qb3 Qc7 12. Nh3 Nec6 {[%emt 0:12:04] [#] E25: Nimzo-Indian: Sämisch: 5...c5 6 f3 d5 7 cxd5.} 13. Be2 $146 ({Predecessor:} 13. Nf2 Na5 14. Qc2 e5 15. Be2 Be6 16. O-O Nd7 17. Rfb1 Nxc5 18. Rb5 Nd7 19. c4 a6 20. Rb4 Rfc8 21. a4 Bxc4 22. Bxc4 Nxc4 23. Rc1 b5 24. axb5 axb5 25. Rxb5 Qd8 26. Qe2 Nxe3 27. Qxe3 {½-½ (27) Berkes,F (2606)-Delchev,A (2613) Heraklion 2007}) 13... Na5 14. Qb2 e5 {[%emt 0:04:55] The position is equal.} 15. Nf2 Be6 16. O-O Nd7 17. Qb4 Nb3 {[%emt 0:06:44] Pair of Knights!} 18. Rab1 Nbxc5 (18... Ndxc5 $15 19. Rfd1 b6) 19. Nd3 b6 20. Nxc5 Nxc5 21. Bxc5 bxc5 22. Qb7 Qa5 23. Rfc1 c4 24. a4 (24. Qb5 $5 Qc7 25. Qb7 Qc5+ 26. Kf1 $11) 24... h6 25. Kf1 Rad8 26. Qb4 Qc7 27. Qb7 Qc5 28. Qb5 Qe3 {[%emt 0:02:03] [#] White must now prevent ...Rd2.} 29. Rc2 Qf4 30. Kg1 Rc8 ({Better is} 30... Rb8 $15 31. Qxb8 Rxb8 32. Rxb8+ Kh7) 31. Rd1 (31. g3 $1 $11 Qe3+ 32. Kg2) 31... h5 32. Qb1 Rfd8 33. Rxd8+ Rxd8 34. Qe1 {[%emt 0:00:46] Against Rd2} h4 {[%emt 0:03:45] Black is much more active.} 35. Qf2 $2 {[%emt 0:00:54] [#] This move loses the game for White.} ({White should play} 35. g3 $15 hxg3 36. hxg3) 35... Rd2 $1 $19 36. Rxd2 Qxd2 {[%emt 0:00:06][%mdl 4096] Endgame KQB-KQB} 37. Bf1 $2 (37. Qxh4 Qxe2 38. Qd8+ Kh7 39. Qh4+ Kg6 40. Qg3+ Kh7 41. Qh4+ Kg6 42. Qg3+ Kf6 43. Qh4+ g5 44. Qh6+ Ke7 45. Qxg5+ f6 46. Qc1) 37... Qxc3 {[%emt 0:01:31] And now ...Qc1 would win.} 38. Qxa7 Qd2 (38... Qc1 {Threatens to win with ...c3.} 39. Qb6 g5) 39. Qb8+ $2 (39. Qf2 Qa5 40. Qxh4) 39... Kh7 40. Qb1 c3 {[%emt 0:02:27] ( -> ...c2)} 41. Bd3 {[%emt 0:05:29] Inhibits c2.} h3 {[%emt 0:02:44][%csl Gh3][%cal Rd2g2] Black mates.} 42. Qc2 Qe1+ 43. Bf1 Bc4 {[%emt 0:00:16] Weighted Error Value: White=0.71/Black=0.22 (precise)} 0-1

[Event "44th Chess Olympiad Open 2022"]
[Site "Chennai"]
[Date "2022.08.08"]
[Round "10.11"]
[White "Christiansen, Johan-Sebastian"]
[Black "Hamitevici, Vladimir"]
[Result "0-1"]
[ECO "B13"]
[WhiteElo "2593"]
[BlackElo "2473"]
[Annotator "TA"]
[PlyCount "94"]
[EventDate "2022.07.29"]
[EventType "team-tourn"]
[EventCountry "IND"]
[SourceTitle "playchess.com"]
[Source "ChessBase"]
[SourceQuality "1"]
[WhiteTeam "Norway"]
[BlackTeam "Moldova"]
[WhiteTeamCountry "NOR"]
[BlackTeamCountry "MDA"]
[TimeControl "40/5400+30:1800+30"]

1. e4 c6 2. d4 d5 3. exd5 cxd5 4. Bd3 Nc6 5. c3 e6 6. Nf3 {[%emt 0:00:53] B13: Caro-Kann: Exchange Variation and Panov-Botvinnik Attack.} Bd6 7. O-O Nge7 8. Re1 {[%emt 0:00:25] The position is equal.} O-O 9. b3 {[%emt 0:00:51] [#]} Bd7 $146 (9... f6 $5 ) ({Predecessor:} 9... f6 10. c4 dxc4 11. Bxc4 Kh8 12. Ba3 Nd5 13. Bxd6 Qxd6 14. Nbd2 b6 15. Qe2 Re8 {½-½ (74) Antipov,M (2592)-Yoo,C (2548) Saint Louis 2022}) 10. Nbd2 Qc7 11. Nf1 Nf5 12. Ng3 Nxg3 13. hxg3 Rae8 14. c4 e5 15. c5 e4 {[%emt 0:01:09] ...Be7 is the strong threat.} 16. cxd6 Qxd6 17. Bf4 Qa3 {[%emt 0:01:04] [#]} 18. Ng5 $1 exd3 19. Rxe8 Bxe8 20. Qxd3 g6 21. Nf3 f6 22. Qb5 g5 23. Be3 ({Of course not} 23. Qxd5+ Bf7 24. Qd6 Qb2 $17) 23... Qe7 24. Qxd5+ Bf7 25. Qb5 Rd8 {[%emt 0:00:21] Inhibits d5.} 26. Re1 Qd7 27. Qc5 Bd5 28. Nh2 h5 29. f3 Qg7 30. Bf2 f5 ({Black should play} 30... b6 $14 31. Qc3 Qd7) 31. Nf1 $16 f4 32. Kh1 (32. b4 $16) 32... g4 $11 33. fxg4 {[%emt 0:00:16] [#]} (33. Nh2 $11 {remains equal.}) 33... Qxg4 {[%emt 0:00:45] Black is more active.} (33... fxg3 $1 $17 34. Nxg3 Qxg4) 34. Nh2 Qg6 $40 {[%emt 0:00:56][%mdl 128] Black mounts an attack.} 35. g4 {[%emt 0:00:24][%mdl 8192] This move loses the game for White.} (35. Qc3 $1 $11 {and White stays safe.}) 35... hxg4 $19 {[%emt 0:00:18] White must now prevent ...g3.} 36. Bh4 Rd7 37. Rf1 $2 (37. Kg1) 37... Qe4 38. Rg1 Rh7 39. Nf3 Qe6 (39... Qf5 $142 40. Rf1 gxf3 41. Rxf3 Qb1+ 42. Kh2 Bxf3 43. Qg5+ Rg7 44. gxf3 Rxg5 45. Bxg5 Qf1 46. Bxf4 Nxd4 47. Kg3 Qxf3+ 48. Kh4 Qxf4+ 49. Kh3 Nf5 50. Kg2 Ne3+ 51. Kh3 Qg4+ 52. Kh2 Qg2#) 40. Re1 Qf7 (40... gxf3 $2 41. Rxe6 Bxe6 {[#]} 42. Kg1 $1 $18) (40... Rxh4+ $2 41. Kg1 b6 42. Rxe6 bxc5 43. Rg6+ Kf7 44. Nxh4 $18) 41. Ng5 Rxh4+ 42. Kg1 Qd7 (42... Qf5 $142 43. Re8+ Kg7) 43. Ne6 Rh5 44. Qf8+ (44. Nxf4 $142 Rf5 45. Nxd5 Qxd5 46. Kh2) 44... Kh7 45. Qc5 {[%emt 0:00:07] aiming for Nf8+.} Qf7 {[%emt 0:03:34] And now ...f3 would win.} ({Worse is} 45... Bxe6 46. Qxh5+ Kg7 47. Qg5+ Kh7 48. Qh5+ Kg7 49. Qg5+ Kh7 50. Qh5+ $11) 46. Nd8 Qf6 47. Nxc6 {[%emt 0:00:23] [#]} Rh1+ $3 {[%emt 0:00:18][%mdl 512] Weighted Error Value: White=1.07/Black=0.31} 0-1